 Dungeon Crawl Stone Soup version 0.31-a0-360-gb3e1d13bf4 (webtiles) character file.

Game seed: 5758062479560334055

80990 Shard1697 the Severer (level 15, -8/134 HPs)
             Began as an Armataur Gladiator on July 26, 2023.
             Was an Initiate of Yredelemnul.
             Mangled by an enormous slime creature (21 damage)
             ... on level 13 of the Dungeon.
             The game lasted 00:43:30 (23813 turns).

Shard1697 the Severer (Armataur Gladiator)         Turns: 23813, Time: 00:43:31

Health: -8/134     AC: 22    Str: 23    XL:     15   Next: 25%
Magic:  19/19      EV: 13    Int:  8    God:    Yredelemnul [......]
Gold:   1565       SH:  0    Dex: 16    Spells: 14/14 levels left

rFire   . . .        a - +6 battleaxe (heavy)
rCold   + . .        (shield currently unavailable)
rNeg    . . .        u - +0 swamp dragon scales
rPois   +            c - +1 helmet
rElec   .            x - +5 cloak of the Furrier {rC+}
rCorr   .            N - +0 pair of gloves
SInv    .            (no barding)
Will    +....        K - amulet of regeneration
Stlth   +            s - ring of poison resistance
HPRegen 1.22/turn    P - +4 ring of protection
MPRegen 0.16/turn

%: roll
@: no status effects
A: large, rugged brown scales 3, deformed body, armoured tail, roll, long
tongue, awkward tongue
a: Renounce Religion, Recall Undead Harvest


You were on level 13 of the Dungeon.
You worshipped Yredelemnul.
Yredelemnul was noncommittal.
You visited 5 branches of the dungeon, and saw 22 of its levels.
You also visited: Ossuary and Bailey.

You collected 2130 gold pieces.
You spent 565 gold pieces at shops.

Inventory:

Hand Weapons
 a - a +6 heavy battleaxe (weapon)
 b - a +1 glaive of flaming
Missiles
 g - a javelin
 y - 4 silver javelins
 A - 5 throwing nets (quivered)
Armour
 c - a +1 helmet (worn)
 u - +0 swamp dragon scales (worn)
 x - the +5 cloak of the Furrier (worn) {rC+}
   (You bought it in a shop on level 8 of the Dungeon)

   rC:        It protects you from cold.
 C - a +1 leather armour of fire resistance
 L - a +0 buckler
 N - a +0 pair of gloves (worn)
Jewellery
 s - a ring of poison resistance (left hand)
 B - a ring of wizardry
 K - an amulet of regeneration (around neck)
 O - a ring of ice
 P - a +4 ring of protection (right hand)
Wands
 h - a wand of light (13)
 p - a wand of flame (25)
 t - a wand of mindburst (10)
 v - a wand of charming (18)
 F - a wand of iceblast (2)
 I - a wand of polymorph (7)
Scrolls
 i - 7 scrolls of teleportation
 r - 4 scrolls of fear
 D - 3 scrolls of revelation
 H - 7 scrolls of identify
 Q - a scroll of amnesia
 R - a scroll of enchant weapon
Potions
 d - 3 potions of might
 e - 2 potions of curing
 f - 2 potions of magic
 j - 2 potions of brilliance
 l - 2 potions of resistance
 m - 2 potions of mutation
 n - a potion of invisibility
 o - 2 potions of enlightenment
 q - 2 potions of lignification
 w - 5 potions of haste
 z - 4 potions of attraction
 E - a potion of berserk rage
 G - 2 potions of cancellation
 J - a potion of heal wounds
 M - a potion of ambrosia
Miscellaneous
 k - a tin of tremorstones (2/2)


   Skills:
 - Level 10.0 Fighting
 * Level 17.6 Axes
 - Level 1.7 Throwing
 * Level 5.8 Armour
 - Level 10.0 Dodging
 + Level 6.4 Invocations


You had 14 spell levels left.
You didn't know any spells.
Your spell library contained the following spells:

 Spells                   Type           Power      Damage    Failure   Level
 Freeze                   Ice            0%         1d3       54%         1
 Sandblast                Erth           0%         2d4       54%         1
 Sting                    Tmut/Pois      0%         1d3       54%         1
 Cigotuvi's Dreadful Rot  Necr/Pois/Air  0%         N/A       69%         2
 Passwall                 Tmut/Erth      0%         N/A       69%         2
 Poisonous Vapours        Pois/Air       0%         N/A       69%         2
 Frozen Ramparts          Ice            0%         1d1       89%         3
 Hailstorm                Conj/Ice       0%         3d3       89%         3
 Ignite Poison            Fire/Tmut/Pois 0%         N/A       89%         3
 Portal Projectile        Hex/Tloc       0%         N/A       89%         3
 Stone Arrow              Conj/Erth      0%         3d7       89%         3
 Tukima's Dance           Hex            0%         N/A       89%         3
 Vhi's Electric Charge    Tloc/Air       0%         N/A       89%         3
 Cause Fear               Hex            0%         N/A       100%        4
 Iskenderun's Mystic Bla  Conj/Tloc      0%         2d3       100%        4
 Olgreb's Toxic Radiance  Pois           0%         N/A       100%        4
 Summon Ice Beast         Ice/Summ       0%         N/A       100%        4
 Alistair's Intoxication  Tmut/Pois      0%         N/A       100%        5
 Arcjolt                  Conj/Air       0%         1d10      100%        5
 Borgnjor's Vile Clutch   Necr/Erth      0%         N/A       100%        5
 Fireball                 Conj/Fire      0%         3d3       100%        5
 Freezing Cloud           Conj/Ice/Air   0%         6-21      100%        5
 Dispersal                Tloc           0%         N/A       100%        6
 Eringya's Noxious Bog    Tmut/Pois      0%         4d6       100%        6
 Plasma Beam              Fire/Air       0%         2x1d10    100%        6
 Haunt                    Necr/Summ      0%         N/A       100%        7
 Dragon's Call            Summ           0%         N/A       100%        9


Dungeon Overview and Level Annotations

Branches:
Dungeon (13/15)            Temple (1/1) D:5            Lair (5/5) D:9
 Shoals (0/4) Lair:3        Snake (1/4) Lair:2        Slime (0/5) Lair:4
    Orc (2/2) D:11            Elf (0/3) Orc:2       Ossuary (visited)
 Bailey (visited)
 Vaults: D:13-14

Altars:
Ashenzari
Cheibriados
Dithmenos
Elyvilon
Fedhas
Gozag
Hepliaklqana
Kikubaaqudgha
Makhleb
Nemelex Xobeh
Okawaru
Qazlal
Ru
Sif Muna
Trog
Uskayaw
Vehumet
Wu Jian
Xom
Yredelemnul
Zin
The Shining One
Jiyva

Shops:
D:8 [   Orc:1 =   Orc:2 =!:(

Annotations:
Lair:1 3 runed translucent doors, Savior361's ghost, journeyman FoFi
Lair:2 exclusion: 2 oklob plants
Lair:3 exclusion: oklob plant
Orc:2 2 transporters, innerfire43's ghost, journeyman DsMo


Innate Abilities, Weirdness & Mutations

You are completely covered in rugged brown scales. (AC +3, +7% HP)
Armour fits poorly on your strangely shaped body.
You have a long armoured tail.
You roll when moving toward enemies. (Rampage)
Your long tongue fully drains potion bottles. (2x potion effects)
Your tongue gives you trouble enunciating. (1.5x scroll delay)


Message History

Your centaur warrior zombie kicks the enormous slime creature but does no damage.
The enormous slime creature hits your centaur warrior zombie!!
Your centaur warrior zombie hits the enormous slime creature!
Your centaur warrior zombie kicks the enormous slime creature.
The enormous slime creature hits your centaur warrior zombie!
Your centaur warrior zombie hits the enormous slime creature.
Your centaur warrior zombie kicks the enormous slime creature.
The enormous slime creature hits your centaur warrior zombie!!!
Your centaur warrior zombie is destroyed!
You can no longer trade souls for undead servants.
The enormous slime creature hits your deep elf pyromancer zombie!!!!
Your deep elf pyromancer zombie hits the enormous slime creature.
The enormous slime creature hits your deep elf pyromancer zombie!!!
Your deep elf pyromancer zombie is destroyed!
The enormous slime creature quivers.
A gnoll sergeant comes into view. It is wielding a +0 spear.
The gnoll sergeant shouts!
You see here a +0 shortbow.
You open the door.
The enormous slime creature attacks as you move away!
The enormous slime creature hits you but does no damage.
There is an open door here.
The enormous slime creature attacks as you move away!
The enormous slime creature completely misses you.
The enormous slime creature attacks as you move away!
The enormous slime creature closely misses you.
There is an open door here.
The enormous slime creature attacks as you move away!
The enormous slime creature misses you.
The enormous slime creature attacks as you move away!
The enormous slime creature hits you!!!!
Ouch! That really hurt!
You hear a shout! x3
The enormous slime creature attacks as you move away!
The enormous slime creature hits you!!!
* * * LOW HITPOINT WARNING * * *
The enormous slime creature attacks as you move away!
The enormous slime creature hits you!!
You die...
Your body rises from the dead as a mindless zombie.

#........#
#......#####>....
#........# #####'## #.....
#........# #g# #.....
######.### #.# ######
#......# #.## #
###+######## #..# #
...........# ##.# #
...........##########.#
...........'...@J...g.#
...........#########..#####
.........(.# ##......#####
...........# #.####......
...........# ###.###.......
#######'####
###.......##.##. ##.#
#...##.##.#...#. ###..#
####.#.#...#....... #...##
#............#...#.


You could see an enormous slime creature and a gnoll sergeant.

Vanquished Creatures
  The ghost of Newt the Mimic, a journeyman DrSh of the Shining One (Lair:5)
  2 entropy weavers (Lair:3)
  Erolcha (Orc:2)
  Harold (D:9)
  3 catoblepae
  2 ghost crabs (Lair:3)
  A vault guard (Bailey)
  2 two-headed ogres
  An ogre mage (Orc:1)
  3 boulder beetles
  A centaur warrior (D:13)
  4 death yaks (Lair:5)
  An orc high priest (Orc:2)
  Nergalle (Lair:3)
  6 fire crabs
  3 skysharks
  A lindwurm (Lair:5)
  A deep elf pyromancer (D:13)
  2 orc knights
  10 orc sorcerers (Orc:2)
  An ugly thing (D:9)
  3 elephants
  2 cyclopes
  6 centaur zombies (D:11)
  Maurice (D:9)
  An apocalypse crab (Lair:3)
  5 black mambas
  2 gargoyles
  A naga mage (Snake:1)
  8 cane toads
  Maggie (D:7)
  A yaktaur (D:12)
  Psyche (D:8)
  A rime drake (Lair:5)
  3 komodo dragons
  3 kobold demonologists
  8 trolls
  A polar bear (Lair:5)
  3 hornets (Lair:5)
  11 blink frogs
  10 dream sheep (Lair:5)
  5 slime creatures (D:12)
  2 vampires (D:11)
  10 spriggans (Lair:5)
  A wyvern (Lair:5)
  46 yaks
  5 shadows
  3 wraiths
  4 water elementals
  3 humans (Bailey)
  5 basilisks
  12 vampire mosquitoes
  A naga (Snake:1)
  2 wargs (Orc:1)
  8 water moccasins
  2 acid dragons (D:12)
  7 black bears
  18 orc warriors
  3 ice beasts
  A sky beast (D:7)
  18 ogres
  15 wolves (Lair:5)
  3 boggarts (Lair:5)
  7 centaurs
  9 kobold brigands
  19 bullfrogs
  3 water moccasin zombies (Ossuary)
  A scorpion (D:4)
  A gnoll sergeant (D:8)
  4 wights (D:7)
  11 killer bees
  2 howler monkeys (D:7)
  An electric eel (D:11)
  3 lava snakes (D:9)
  2 jellies
  9 orc priests
  3 hounds (D:6)
  A gnoll bouda (D:6)
  4 iguanas
  3 sleepcaps
  2 boggart zombies (D:11)
  34 orc wizards
  2 mummies (Ossuary)
  13 gnolls
  6 adders
  2 ufetubi
  6 adder zombies (Ossuary)
  4 worms
  3 dart slugs (D:2)
  72 orcs
  4 ball pythons
  10 endoplasms
  4 giant cockroaches
  7 gnoll zombies (Ossuary)
  7 goblins
  6 hobgoblins
  6 quokkas
  6 bats
  A frilled lizard (D:1)
  4 hobgoblin zombies (Ossuary)
  9 kobolds
  3 kobold zombies (Ossuary)
  4 orc zombies (Ossuary)
  4 rats
596 creatures vanquished.

Vanquished Creatures (collateral kills)
  Fannar (D:12)
  An entropy weaver (Lair:3)
  An orc knight (Orc:1)
  5 elephants
  Joseph (D:8)
  A black mamba (Lair:5)
  A guardian serpent (Lair:2)
  A cane toad (Lair:2)
  2 rime drakes
  3 komodo dragons
  A polar bear (Lair:5)
  A hornet (Lair:5)
  4 dream sheep (Lair:5)
  6 blink frogs
  A spriggan (Lair:5)
  A basilisk (Lair:3)
  13 yaks
  2 humans (Bailey)
  A floating eye (Lair:2)
  An orc warrior (Orc:2)
  4 water moccasins
  2 ogres
  4 wolves (Lair:5)
  2 boggarts (Lair:5)
  2 bullfrogs (Bailey)
  A wight (D:7)
  A killer bee (D:8)
  2 lava snakes (D:9)
  A jelly (D:6)
  An orc priest (D:11)
  2 orc wizards
  2 gnolls
  2 orcs
  3 kobolds
77 creatures vanquished.

Vanquished Creatures (others)
  3 death yak zombies (Lair:5)
  An unseen horror (D:12)
  A catoblepas zombie (Lair:5)
  Prince Ribbit (Bailey)
  2 black mamba zombies
  An entropy weaver zombie (Lair:3)
  An elf zombie (D:13)
  2 hornet zombies (Lair:5)
  3 elephant zombies
  8 blink frog zombies
  3 dream sheep zombies (Lair:5)
  A vampire mosquito zombie (D:11)
  A fire crab zombie (Lair:3)
  A rime drake zombie (Lair:5)
  3 komodo dragon zombies (Lair:5)
  4 water moccasin zombies
  A warg zombie (Orc:1)
  14 yak zombies
  A polar bear zombie (Lair:5)
  5 spriggan zombies (Lair:5)
  A troll zombie (D:11)
  7 wolf zombies (Lair:5)
  10 bullfrog zombies
  2 black bear zombies (Lair:5)
  4 centaur zombies
  3 human zombies (Bailey)
  A basilisk zombie (Lair:3)
  3 boggart zombies (Lair:5)
  An orc wizard (Orc:2)
  4 killer bee zombies
  4 ogre zombies
  2 howler monkey zombies (D:7)
  3 gnoll zombies
  A lava snake zombie (D:9)
  A goblin zombie (D:9)
  5 kobold zombies (D:11)
  36 orc zombies
145 creatures vanquished.

Grand Total: 818 creatures vanquished

Notes
Turn   | Place    | Note
-------+----------+-------------------------------------------
     0 | D:1      | Shard1697 the Armataur Gladiator began the quest for the
                  | Orb.
     0 | D:1      | Reached XP level 1. HP: 18/18 MP: 1/1
    52 | D:1      | Reached skill level 3 in Axes
    52 | D:1      | Reached XP level 2. HP: 23/25 MP: 2/2
   521 | D:2      | Found a glowing silver altar of Zin.
   867 | D:2      | Reached XP level 3. HP: 31/31 MP: 3/3
  1361 | D:3      | Reached skill level 4 in Axes
  1363 | D:3      | You fall into a shaft and drop 1 floor!
  1397 | D:4      | Found an ancient bone altar of Kikubaaqudgha.
  1425 | D:4      | Found a sand-covered staircase.
  1433 | Ossuary  | Entered an ossuary
  1442 | Ossuary  | Reached XP level 4. HP: 36/38 MP: 4/4
  1499 | Ossuary  | Reached XP level 5. HP: 43/43 MP: 5/5
  1514 | Ossuary  | Reached skill level 5 in Axes
  1740 | Ossuary  | Reached XP level 6. HP: 50/51 MP: 6/6
  2661 | D:4      | Reached skill level 6 in Axes
  2862 | D:5      | Entered Level 5 of the Dungeon
  2869 | D:5      | Reached XP level 7. HP: 49/59 MP: 7/7
  3302 | D:5      | Found a staircase to the Ecumenical Temple.
  3317 | Temple   | Entered the Ecumenical Temple
  3344 | Temple   | Became a worshipper of Yredelemnul the Dark
  3530 | D:5      | Reached * piety under Yredelemnul
  3636 | D:5      | Reached ** piety under Yredelemnul
  3650 | D:5      | Reached skill level 7 in Axes
  4110 | D:6      | Reached XP level 8. HP: 32/70 MP: 8/8
  4832 | D:6      | Reached skill level 8 in Axes
  5129 | D:6      | Reached skill level 5 in Fighting
  5655 | D:7      | Reached skill level 9 in Axes
  5655 | D:7      | Reached XP level 9. HP: 30/78 MP: 9/9
  6066 | D:7      | Noticed Maggie
  6078 | D:7      | Killed Maggie
  6704 | D:7      | Found a glowing golden altar of the Shining One.
  7058 | D:8      | Reached skill level 10 in Axes
  7286 | D:8      | Found Gogoijeu's Armour Shoppe.
  7485 | D:8      | Reached *** piety under Yredelemnul
  7513 | D:8      | Reached XP level 10. HP: 45/92 MP: 10/10
  7788 | D:8      | Noticed Joseph
  7804 | D:8      | Killed Joseph
  8253 | D:8      | Noticed Psyche
  8259 | D:8      | Killed Psyche
  8260 | D:8      | Reached skill level 11 in Axes
  8724 | D:9      | Found a flagged portal.
  8748 | Bailey   | Entered a bailey
  9163 | Bailey   | Noticed Prince Ribbit
  9163 | Bailey   | Noticed a vault guard
  9192 | Bailey   | Your ally Prince Ribbit died
  9193 | Bailey   | Reached skill level 12 in Axes
  9205 | Bailey   | Killed a vault guard
  9427 | Bailey   | Identified the +0 scale mail of the Slug {Harm rF++ Will-
                  | Dex+3}
  9445 | Bailey   | Noticed a vault guard
  9567 | D:9      | Found an ornate altar of the Wu Jian Council.
  9572 | D:9      | Reached XP level 11. HP: 91/101 MP: 11/11
  9688 | D:9      | Found a staircase to the Lair.
 10282 | D:9      | Noticed Harold
 10332 | D:9      | Noticed a two-headed ogre
 10344 | D:9      | Killed a two-headed ogre
 10590 | D:9      | Noticed Maurice
 10601 | D:9      | Killed Maurice
 10752 | D:9      | Killed Harold
 11038 | D:9      | Noticed a brown ugly thing
 11061 | D:9      | Killed a brown ugly thing
 11062 | D:9      | Reached skill level 13 in Axes
 11519 | D:10     | Entered Level 10 of the Dungeon
 11549 | D:10     | Identified the +4 trident of the Enchanted Forest {holy,
                  | Dex+3}
 12424 | D:10     | Found a shimmering altar of Xom.
 12435 | D:10     | Found a white marble altar of Elyvilon.
 12478 | D:11     | Noticed a boulder beetle
 12486 | D:11     | Killed a boulder beetle
 12487 | D:11     | Reached skill level 10 in Fighting
 12487 | D:11     | Reached skill level 1 in Invocations
 12565 | D:11     | Noticed a boulder beetle
 12575 | D:11     | Killed a boulder beetle
 12739 | D:11     | Reached XP level 12. HP: 99/113 MP: 13/13
 12771 | D:11     | HP: 3/113 [orc priest/divine providence (16)]
 12800 | D:11     | HP: 4/113 [centaur warrior zombie (2)]
 13173 | D:10     | Reached skill level 14 in Axes
 14497 | D:11     | Reached **** piety under Yredelemnul
 15007 | D:11     | Found a staircase to the Orcish Mines.
 15100 | Lair:1   | Entered Level 1 of the Lair of Beasts
 15192 | Lair:1   | Reached skill level 5 in Dodging
 15194 | Lair:1   | Reached ***** piety under Yredelemnul
 15525 | Lair:1   | Found a runed translucent gate.
 15525 | Lair:1   | Found a runed translucent gate.
 15525 | Lair:1   | Found a runed translucent gate.
 15526 | Lair:1   | Noticed Savior361's ghost (journeyman FoFi)
 15528 | Lair:1   | Noticed an 11-headed hydra
 16168 | Lair:2   | Found a staircase to the Snake Pit.
 16486 | Lair:2   | Paralysed by a floating eye for 4 turns
 16676 | Lair:2   | Reached skill level 15 in Axes
 17014 | Lair:2   | Reached XP level 13. HP: 111/120 MP: 15/15
 17446 | D:8      | Bought the +5 cloak of the Furrier {rC+} for 565 gold
                  | pieces
 17578 | Snake:1  | Entered Level 1 of the Snake Pit
 17657 | Lair:3   | Noticed Nergalle
 17672 | Lair:3   | Killed Nergalle
 17954 | Lair:3   | Your ally Nergalle died
 18011 | Lair:3   | Reached ****** piety under Yredelemnul
 18122 | Lair:3   | Found a staircase to the Shoals.
 18266 | Lair:3   | Found a runed translucent door.
 19029 | Lair:4   | Reached skill level 16 in Axes
 19211 | Lair:4   | Identified the +0 robe "Himaph" {Harm rF++ rCorr Int-2}
 19605 | Lair:4   | Found a viscous altar of Jiyva.
 19606 | Lair:4   | Found a staircase to the Slime Pits.
 19660 | Lair:4   | You fall into a shaft and drop 1 floor!
 19660 | Lair:5   | Entered Level 5 of the Lair of Beasts
 19660 | Lair:5   | Noticed Newt's ghost (journeyman DrSh)
 19660 | Lair:5   | Found a runed translucent door.
 19705 | Lair:5   | Reached XP level 14. HP: 68/129 MP: 16/16
 20530 | Lair:5   | Reached skill level 17 in Axes
 20748 | Lair:5   | Paralysed by a hornet for 1 turns
 20986 | Lair:5   | Killed Newt's ghost
 20987 | Lair:5   | Reached skill level 10 in Dodging
 21159 | Orc:1    | Entered Level 1 of the Orcish Mines
 21265 | Orc:1    | Found Cablica's Jewellery Emporium.
 21286 | Orc:1    | Reached skill level 5 in Invocations
 21544 | Orc:2    | Entered Level 2 of the Orcish Mines
 21732 | Orc:1    | Reached skill level 1 in Armour
 21850 | Orc:2    | Found a staircase to the Elven Halls.
 21990 | Orc:2    | Noticed innerfire43's ghost (journeyman DsMo)
 21994 | Orc:2    | Found a transporter.
 22028 | Orc:2    | Found a transporter.
 22194 | Orc:2    | Paralysed by an orc sorcerer for 4 turns
 22222 | Orc:2    | Found Usaopn's Jewellery Shop.
 22247 | Orc:2    | Noticed Erolcha
 22249 | Orc:2    | Found a radiant altar of Vehumet.
 22252 | Orc:2    | Killed Erolcha
 22253 | Orc:2    | Reached XP level 15. HP: 134/134 MP: 19/19
 22262 | Orc:2    | Found Vaept's Distillery.
 22274 | Orc:2    | Found an ancient bone altar of Kikubaaqudgha.
 22372 | Orc:2    | Found Ofor's Book Shop.
 22381 | Orc:2    | Found Rosoas's Antique Weapon Shop.
 23016 | D:12     | Got the Catalogue of Attendants and Locality
 23017 | D:12     | Noticed Fannar
 23023 | D:12     | Killed Fannar
 23024 | D:12     | Reached skill level 5 in Armour
 23813 | D:13     | Mangled by an enormous slime creature

Illustrated notes

Levels and vault maps discovered:
D:1:      lemuel_arrival_rhombus, layout_rooms
D:2:      layout_basic, basic_altar
D:3:      layout_basic, serial_bayou_ford_a
D:4:      layout_cave_pools, amcnicky_altar_gilded, nicolae_ossuary_entry_ruins
D:5:      layout_rooms, minmay_temple_entry_sparse_star, corexii_shack,
          minmay_fractal_squares_gapless_5
D:6:      mumra_celtic_spiral_tile, layout_basic
D:7:      layout_gridville, tso_oasis_becter, uniq_maggie
D:8:      layout_loops_cross, serial_shops, shop, uniq_psyche, uniq_joseph
D:9:      kennysheep_big_flooded_room, layout_basic, nzn_wu_jian_council_hall,
          serial_co_window_serial, co_window_corner_a, co_window_paths_b,
          co_window_paths_a, co_window_paths_a, co_window_corner_a,
          co_window_paths_b, co_window_paths_a, co_window_paths_c,
          co_window_corner_b, co_window_broadway_a, co_window_2corner,
          co_window_corner_b, co_window_corner_ca, glass_columns_a,
          glass_columns_a, glass_columns_b, glass_columns_b, enter_bailey_3,
          uniq_harold, uniq_maurice
D:10:     layout_loops_ring, mainiacjoe_overflow_swirl
D:11:     layout_irregular_city, erik_orc_2, serial_undead, serial_undead_b,
          serial_undead_a, serial_undead_a, serial_undead_f,
          nicolae_underground_beach
D:12:     layout_roguey, statue_in_the_mist_lemuel, uniq_fannar
D:13:     layout_roguey, grunt_decor_junction, hangedman_decor_clover_reticule
Temple:   nicolae_temple_bog_church
Lair:1:   layout_loops_ring, gammafunk_ghost_hydra_chop,
          chequers_serial_rivers_micro_c
Lair:2:   layout_hall_layers, minmay_snake_entry_spellcaster, disabler_island
Lair:3:   gammafunk_mikee_crab_dinner, layout_regular_city,
          minmay_shoals_entry_centaurs, uniq_nergalle
Lair:4:   layout_cave_pods, slime_entry_1
Lair:5:   minmay_lair_end_enchanted_forest, layout_concentric_octagons,
          hellmonk_ghost_happy_afterlife, infiniplex_staircase_pool_2
Snake:1:  nrook_guardian_serpent_snake_passage, layout_onion_interference,
          lemuel_oklob_altar
Orc:1:    layout_caves, serial_shops, nicolae_shop_just_a_little_nook,
          mines4_lemuel
Orc:2:    kennysheep_orc_mage_school, layout_caves,
          gammafunk_ghost_berserking_beasts

Skill      XL: |  1  2  3  4  5  6  7  8  9 10 11 12 13 14 15 |
---------------+----------------------------------------------+-----
Axes           | 3 4 5 6 7 9 10 12 13 15 16 17 | 17.6
Fighting       | 2 4 5 7 8 10 | 10.0
Invocations    | 2 3 5 6 |  6.4
Dodging        | 6 8 10 | 10.0
Armour         | 3 5 |  5.8
Throwing       | |  1.7

Action                     |  1- 3 |  4- 6 |  7- 9 | 10-12 | 13-15 || total
---------------------------+-------+-------+-------+-------+-------++-------
  Melee: War axe           |    89 |   184 |   207 |       |       ||   480
         Tailslap          |     9 |    29 |    49 |    61 |    88 ||   236
         Punch             |     2 |     2 |     4 |       |       ||     8
         Battleaxe         |       |       |   107 |   437 |   565 ||  1109
 Invoke: Dark Bargain      |       |       |       |     1 |     1 ||     2
         Drain Life        |       |       |       |       |     1 ||     1
  Evoke: Wand              |       |       |       |    12 |     2 ||    14
    Use: Scroll            |     7 |     1 |     8 |    15 |     8 ||    39
         Potion            |       |       |     7 |     9 |     5 ||    21
   Stab: Distracted        |       |       |     1 |     7 |     5 ||    13
         Invisible         |       |       |       |       |     4 ||     4
         Petrified         |       |       |       |       |     3 ||     3
 Armour: Leather armour    |     6 |       |       |    13 |   214 ||   233
         Chain mail        |    44 |   103 |   111 |       |       ||   258
         Swamp dragon scal |       |       |    38 |   156 |    91 ||   285
         Skin              |       |       |       |     1 |       ||     1
  Dodge: Dodged            |    21 |    48 |   142 |   284 |   425 ||   920

Table legend: (Time is in decaauts)
 A = Elapsed time spent in this place.
 B = Non-inter-level travel time spent in this place.
 C = Inter-level travel time spent in this place.
 D = Time resting spent in this place.
 E = Time spent auto-exploring this place.
 F = Levels seen in this place.
 G = Mean time per level.
                   A        B        C        D        E       F      G
               +--------+--------+--------+--------+--------+-----+--------+
         Total |  24305 |  23233 |   1072 |   5130 |  12296 |  24 | 1012.7 |
       Dungeon |  15484 |  14823 |    661 |   3442 |   8190 |  13 | 1191.1 |
        Temple |     37 |     30 |      7 |      0 |      0 |   1 |   37.0 |
          Lair |   5971 |   5706 |    265 |   1124 |   3031 |   5 | 1194.2 |
     Snake Pit |     46 |     46 |      0 |      0 |      0 |   1 |   46.0 |
  Orcish Mines |   1544 |   1406 |    138 |     22 |    817 |   2 |  772.0 |
       Ossuary |    518 |    518 |      0 |     97 |    214 |   1 |  518.0 |
        Bailey |    702 |    702 |      0 |    445 |     44 |   1 |  702.0 |
               +--------+--------+--------+--------+--------+-----+--------+

Top non-repeatable levels by time:
    D:11: 2438 daAuts
     D:9: 2376 daAuts
     D:8: 1596 daAuts
     D:7: 1541 daAuts
  Lair:5: 1431 daAuts
  Lair:3: 1429 daAuts
     D:6: 1397 daAuts
    D:10: 1334 daAuts
  Lair:1: 1243 daAuts
  Lair:2: 1205 daAuts
   Orc:2: 989 daAuts
     D:5: 937 daAuts
     D:2: 931 daAuts
     D:4: 896 daAuts
    D:12: 709 daAuts
